 Dungeon Crawl Stone Soup version 0.21.1-1-g345015f (webtiles) character file.

209 theblackcape the Magician (level 5, -3/37 HPs)
             Began as a Gnoll Wizard on June 25, 2018.
             Slain by RENEGADE's ghost (9 damage)
             ... on level 4 of the Dungeon.
             The game lasted 00:15:12 (3312 turns).

theblackcape the Magician (Gnoll Wizard)            Turns: 3312, Time: 00:15:12

Health: -3/37      AC:  4    Str:  9    XL:     5   Next: 87%
Magic:  1/14       EV: 14    Int: 21    God:
Gold:   125        SH:  4    Dex: 14    Spells: 7/18 levels left

rFire    . . .     SeeInvis .   f - -1 short sword (curse)
rCold    . . .     Gourm    .   m - +0 buckler
rNeg     . . .     Faith    .   a - +0 robe
rPois    .         Spirit   .   b - +0 hat
rElec    .         Reflect  .   r - +0 cloak
rCorr    .         Harm     .   j - +0 pair of gloves
MR       .....                  (no boots)
Stlth    +++.......             (no amulet)
HPRegen  0.12/turn              (no ring)
MPRegen  0.14/turn              (no ring)

@: very slightly contaminated
A: distributed training, fangs 1, strong nose
a: no special abilities


You were on level 4 of the Dungeon.
You were very hungry.

You visited 1 branch of the dungeon, and saw 4 of its levels.

You collected 125 gold pieces.

Inventory:

Hand Weapons
 f - a cursed -1 short sword (weapon)
 n - a +4 quarterstaff of chaos
Armour
 a - a +0 robe (worn)
 b - a +0 hat (worn)
 j - a +0 pair of gloves (worn)
 m - a +0 buckler (worn)
 r - a +0 cloak (worn)
Wands
 o - a wand of iceblast (7)
Scrolls
 g - 3 scrolls of identify
 l - a scroll of blinking {unknown}
 p - a scroll of immolation {unknown}
Potions
 e - a potion of mutation {unknown}
 k - a potion of haste {unknown}
 q - 2 potions of curing {unknown}
Books
 c - a book of Minor Magic

   Spells                             Type                      Level
   a - Magic Dart                     Conjuration                  1
   b - Blink                          Translocation                2
   c - Call Imp                       Summoning                    2
   d - Slow                           Hexes                        2
   e - Conjure Flame                  Conjuration/Fire             3
   f - Mephitic Cloud                 Conjuration/Poison/Air       3
Comestibles
 d - 9 rations


   Skills:
 + Level 1.6 Fighting
 + Level 1.6 Short Blades
 + Level 1.6 Long Blades
 + Level 1.6 Axes
 + Level 1.6 Maces & Flails
 + Level 1.6 Polearms
 + Level 1.6 Staves
 + Level 1.6 Slings
 + Level 1.6 Bows
 + Level 1.6 Crossbows
 + Level 1.6 Throwing
 + Level 1.6 Armour
 + Level 4.8 Dodging
 + Level 4.4 Stealth
 + Level 1.6 Shields
 + Level 1.6 Unarmed Combat
 + Level 7.3 Spellcasting
 + Level 2.4 Conjurations
 + Level 1.3 Hexes
 + Level 1.3 Charms
 + Level 2.4 Summonings
 + Level 1.3 Necromancy
 + Level 2.4 Translocations
 + Level 1.3 Transmutations
 + Level 1.3 Fire Magic
 + Level 1.3 Ice Magic
 + Level 1.3 Air Magic
 + Level 1.3 Earth Magic
 + Level 1.3 Poison Magic
 + Level 1.8 Invocations
 + Level 1.6 Evocations


You had 7 spell levels left.
You knew the following spells:

 Your Spells              Type           Power        Failure   Level  Hunger
a - Magic Dart            Conj           ###.         4%          1    None
b - Call Imp              Summ           ###.....     6%          2    None
c - Blink                 Tloc           N/A          6%          2    None
d - Conjure Flame         Conj/Fire      ###.....     16%         3    None
e - Mephitic Cloud        Conj/Pois/Air  ##......     17%         3    None


Dungeon Overview and Level Annotations

Branches:
Dungeon (4/15)
 Temple: D:4-7

Altars:
Kikubaaqudgha
Vehumet
Yredelemnul

Annotations:
D:2 2 transporters, Menkaure
D:4 RENEGADE's ghost, novice TrCK


Innate Abilities, Weirdness & Mutations

Your experience applies equally to all skills.
You have very sharp teeth.
Your uncanny sense of smell can sniff out nearby items.


Message History

RENEGADE's ghost resists.
Aiming: Iceblast
Press: ? - help, Shift-Dir - straight line, f/p - RENEGADE's ghost
Aim: RENEGADE's ghost (moderately damaged)
Okay, then.
As you read the scroll labeled LUMOCA HORIUSCH, it crumbles to dust.
It is a scroll of identify.
h - a scroll of fear RENEGADE's ghost hits you!
* * * LOW HITPOINT WARNING * * *
RENEGADE's ghost is nearby!
Unknown command.
As you read the scroll of fear, it crumbles to dust.
You assume a fearsome visage.
Your white imp is unaffected.
RENEGADE's ghost is unaffected.
RENEGADE's ghost completely misses you.
As you read the scroll labeled ASE FINUMIUT, it crumbles to dust.
Your nose twitches suddenly!
It was a scroll of random uselessness.
RENEGADE's ghost hits you!
You die...

∆ ∆ ##########
#@W5.....# ##
#.######.# . ..
#.# #.#
#...#.#.######.#
............##.#
....#.#.###.##.#
.. #.#.# #.##.#
# #.###.##.#
#........#


You could see RENEGADE's ghost and a friendly white imp.

Vanquished Creatures
  An orc priest (D:3)
  Terence (D:3)
  Jessica (D:2)
  An adder (D:3)
  An ooze (D:2)
  A worm (D:2)
  4 dart slugs
  4 orcs (D:3)
  A ball python (D:2)
  4 giant cockroaches
  3 goblins
  4 hobgoblins
  A quokka (D:3)
  7 bats
  3 frilled lizards
  8 kobolds
  8 rats
53 creatures vanquished.

Vanquished Creatures (collateral kills)
  A scorpion (D:4)
  Crazy Yiuf (D:3)
  An orc (D:3)
  A hobgoblin (D:2)
  A rat (D:3)
5 creatures vanquished.

Grand Total: 58 creatures vanquished

Notes
Turn   | Place    | Note
-------+----------+-------------------------------------------
     0 | D:1      | theblackcape the Gnoll Wizard began the quest for the Orb.
     0 | D:1      | Reached XP level 1. HP: 13/13 MP: 8/8
   238 | D:1      | Reached XP level 2. HP: 18/19 MP: 6/10
  1003 | D:2      | Reached XP level 3. HP: 18/25 MP: 3/11
  1283 | D:2      | Reached skill level 1 in Invocations
  1310 | D:2      | Noticed Jessica
  1315 | D:2      | Killed Jessica
  1315 | D:2      | Reached skill level 1 in Fighting
  1315 | D:2      | Reached skill level 1 in Short Blades
  1315 | D:2      | Reached skill level 1 in Long Blades
  1315 | D:2      | Reached skill level 1 in Axes
  1315 | D:2      | Reached skill level 1 in Maces & Flails
  1315 | D:2      | Reached skill level 1 in Polearms
  1315 | D:2      | Reached skill level 1 in Staves
  1315 | D:2      | Reached skill level 1 in Slings
  1315 | D:2      | Reached skill level 1 in Bows
  1315 | D:2      | Reached skill level 1 in Crossbows
  1315 | D:2      | Reached skill level 1 in Throwing
  1315 | D:2      | Reached skill level 1 in Armour
  1315 | D:2      | Reached skill level 1 in Shields
  1315 | D:2      | Reached skill level 1 in Unarmed Combat
  1315 | D:2      | Reached skill level 1 in Evocations
  1315 | D:2      | Reached XP level 4. HP: 32/32 MP: 4/13
  1469 | D:2      | Learned a level 2 spell: Call Imp
  1472 | D:2      | Learned a level 2 spell: Blink
  1476 | D:2      | Learned a level 3 spell: Conjure Flame
  1480 | D:2      | Learned a level 3 spell: Mephitic Cloud
  1614 | D:2      | Found a basalt altar of Yredelemnul.
  1614 | D:2      | Found an ancient bone altar of Kikubaaqudgha.
  1614 | D:2      | Found a transporter.
  1615 | D:2      | Noticed Menkaure
  1615 | D:2      | Noticed a phantom
  1641 | D:2      | Found a transporter.
  1752 | D:3      | Reached skill level 1 in Hexes
  1752 | D:3      | Reached skill level 1 in Charms
  1752 | D:3      | Reached skill level 1 in Necromancy
  1752 | D:3      | Reached skill level 1 in Transmutations
  1752 | D:3      | Reached skill level 1 in Fire Magic
  1752 | D:3      | Reached skill level 1 in Ice Magic
  1752 | D:3      | Reached skill level 1 in Air Magic
  1752 | D:3      | Reached skill level 1 in Earth Magic
  1752 | D:3      | Reached skill level 1 in Poison Magic
  2072 | D:3      | Reached XP level 5. HP: 37/37 MP: 11/14
  2118 | D:3      | Noticed Terence
  2136 | D:3      | Killed Terence
  2153 | D:3      | Found a runed door.
  2669 | D:3      | Noticed Crazy Yiuf
  2680 | D:3      | Killed Crazy Yiuf
  3139 | D:4      | Found a radiant altar of Vehumet.
  3155 | D:4      | Noticed RENEGADE's ghost (novice TrCK)
  3312 | D:4      | Slain by RENEGADE's ghost

Skill      XL: |  1  2  3  4 |
---------------+-------------+-----
Conjurations   | 2 |  2.4
Summonings     | 2 |  2.4
Translocations | 2 |  2.4
Invocations    | 1 |  1.8
Fighting       | 1 |  1.6
Short Blades   | 1 |  1.6
Long Blades    | 1 |  1.6
Axes           | 1 |  1.6
Maces & Flails | 1 |  1.6
Polearms       | 1 |  1.6
Staves         | 1 |  1.6
Slings         | 1 |  1.6
Bows           | 1 |  1.6
Crossbows      | 1 |  1.6
Throwing       | 1 |  1.6
Armour         | 1 |  1.6
Shields        | 1 |  1.6
Unarmed Combat | 1 |  1.6
Evocations     | 1 |  1.6
Hexes          | 1 |  1.3
Charms         | 1 |  1.3
Necromancy     | 1 |  1.3
Transmutations | 1 |  1.3
Fire Magic     | 1 |  1.3
Ice Magic      | 1 |  1.3
Air Magic      | 1 |  1.3
Earth Magic    | 1 |  1.3
Poison Magic   | 1 |  1.3
Dodging        | |  4.8
Stealth        | |  4.4
Spellcasting   | |  7.3

Action                   |  1- 3 |  4- 6 || total
-------------------------+-------+-------++-------
Melee: Unarmed           |     5 |       ||     5
       Short sword       |     5 |     7 ||    12
 Cast: Magic Dart        |    72 |    88 ||   160
       Call Imp          |       |    12 ||    12
       Conjure Flame     |       |     2 ||     2
       Blink             |       |     1 ||     1
  Use: Scroll            |       |     3 ||     3
  Eat: Chunk             |     1 |     5 ||     6
Armor: Robe              |     3 |     3 ||     6
Dodge: Dodged            |    20 |    28 ||    48
Block: Buckler           |       |     6 ||     6
